 Dungeon Sprint DCSS version 0.21.1-72-gffa868e0fe (webtiles) character file.

1234 Osmon the Cleaver (level 8, 0/86 HPs)
             Began as a Minotaur Berserker on Aug 3, 2018.
             Was an Elder of Trog.
             Slain by a demonic crawler (11 damage)
             ... in the Dungeon (Sprint I: "Red Sonja").
             The game lasted 00:05:13 (445 turns).

Osmon the Cleaver (Minotaur Berserker)               Turns: 445, Time: 00:05:14

Health: 0/86       AC:  2    Str: 21    XL:     8   Next: 24%
Magic:  7/7        EV: 16    Int:  4    God:    Trog [****..]
Gold:   219        SH:  0    Dex: 13    Spells: 7/7 levels left

rFire    . . .     SeeInvis .   a - +0 hand axe
rCold    . . .     Gourm    .   (no shield)
rNeg     . . .     Faith    .   b - +0 animal skin
rPois    .         Spirit   .   (helmet restricted)
rElec    .         Reflect  .   (no cloak)
rCorr    .         Harm     .   (no gloves)
MR       .....     NoTele   +   (no boots)
Stlth    +.........             (no amulet)
HPRegen  0.24/turn              (no ring)
MPRegen  0.10/turn              (no ring)

@: berserk cooldown, slowed, very slow
A: retaliatory headbutt, horns 2
a: Berserk, Trog's Hand, Brothers in Arms, Burn Spellbooks, Renounce Religion


You were in the Dungeon.
You worshipped Trog.
Trog was greatly pleased with you.
You were near starving.

You visited 1 branch You collected 289 gold pieces.
You spent 70 gold pieces at shops.

Inventory:

Hand Weapons
 a - a +0 hand axe (weapon)
Armour
 b - a +0 animal skin (worn)
Wands
 j - a wand of polymorph (7)
Scrolls
 i - a scroll of blinking
 m - 2 scrolls of fog {unknown}
Potions
 d - a potion of curing
 e - a potion of heal wounds
 f - a potion of haste
 g - 2 potions of magic
 h - a potion of berserk rage
 l - a potion of mutation {unknown}
Comestibles
 c - 2 rations


   Skills:
 + Level 13.2 Fighting
 + Level 13.7 Axes
 + Level 7.4 Armour
 + Level 7.5 Dodging
 + Level 0.5 Stealth


You had 7 spell levels left.
You didn't know any spells.

Dungeon Overview and Level Annotations

Branches:
Dungeon (1/1)

Altars:
Cheibriados
Dithmenos
Elyvilon
Fedhas
Gozag
Hepliaklqana
Kikubaaqudgha
Makhleb
Nemelex Xobeh
Okawaru
Qazlal
Ru
Sif Muna
Trog
Uskayaw
Vehumet
Wu Jian
Xom
Yredelemnul
Zin
The Shining One
Jiyva
Lugonu

Shops:
D *


Innate Abilities, Weirdness & Mutations

You reflexively headbutt those who attack you in melee.
You have a pair of horns on your head.


Message History

The demonic crawler completely misses you.
The demonic crawler hits you.
* * * LOW HITPOINT WARNING * * *
The demonic crawler closely misses you. The demonic crawler closely misses you.
You furiously retaliate!
You headbutt the demonic crawler. The demonic crawler misses you.
The demonic crawler closely misses you.
You are near starving!
The demonic crawler hits you.
* * * LOW HITPOINT WARNING * * *
The demonic crawler misses you. x2
The demonic crawler hits you.
* * * LOW HITPOINT WARNING * * *
The demonic crawler barely misses you. The demonic crawler misses you.
The demonic crawler barely misses you.
The demonic crawler closely misses you. x2
There is an open door here.
Things that are here:
a dagger; a robe The demonic crawler closely misses you. x2; The demonic crawler hits you!
You die...

#########################
<.#..').#.)'..#__#s.)...#
..').#..'..#..'.@sss#...#
..#####'#####'#__####...'..#
..####..# #.#### #####..+
..#__#### ##.# ##
..#_____##+#_.+
⌠⌠#_.∩...'..._#
###_..__##_.#+# #_____###+#
#######


You could see 4 demonic crawlers.

Vanquished Creatures
  2 kobold demonologists (D)
  A slime creature (D)
  Sigmund (D)
  A yak (D)
  A floating eye (D)
  An ogre (D)
  A jelly (D)
  Ijyb (D)
9 creatures vanquished.

Notes
Turn   | Place    | Note
-------+----------+-------------------------------------------
     0 | D        | Osmon the Minotaur Berserker began the quest for the Orb.
     0 | D        | Reached XP level 1. HP: 19/19 MP: 0/0
     2 | D        | Noticed Ijyb
     7 | D        | Killed Ijyb
     7 | D        | Reached skill level 5 in Fighting
     7 | D        | Reached skill level 5 in Axes
     7 | D        | Reached XP level 2. HP: 29/29 MP: 1/1
    58 | D        | Noticed an ogre
    61 | D        | Killed an ogre
    61 | D        | Reached XP level 3. HP: 27/40 MP: 2/2
    61 | D        | Reached XP level 4. HP: 33/48 MP: 3/3
   176 | D        | Noticed Sigmund
   182 | D        | Killed Sigmund
   182 | D        | Reached ** piety under Trog
   182 | D        | Reached skill level 10 in Axes
   182 | D        | Reached skill level 5 in Armour
   182 | D        | Reached skill level 5 in Dodging
   182 | D        | Reached XP level 5. HP: 58/58 MP: 4/4
   182 | D        | Reached XP level 6. HP: 66/66 MP: 5/5
   233 | D        | Found a burning altar of Makhleb.
   233 | D        | Found a viscous altar of Jiyva.
   233 | D        | Found a shimmering altar of Xom.
   233 | D        | Found a corrupted altar of Lugonu.
   233 | D        | Noticed a slime creature
   238 | D        | Killed a slime creature
   296 | D        | Found an ornate altar of the Wu Jian Council.
   296 | D        | Found a deep blue altar of Sif Muna.
   298 | D        | Found a radiant altar of Vehumet.
   333 | D        | Found Gauppam's General Store.
   333 | D        | Found an ancient bone altar of Kikubaaqudgha.
   333 | D        | Found a hazy altar of Hepliaklqana.
   333 | D        | Found a stormy altar of Qazlal.
   333 | D        | Found a hide-covered altar of Uskayaw.
   333 | D        | Found a blossoming altar of Fedhas.
   333 | D        | Found a bloodstained altar of Trog.
   333 | D        | Found an iron altar of Okawaru.
   333 | D        | Found a basalt altar of Yredelemnul.
   333 | D        | Found a glowing golden altar of the Shining One.
   333 | D        | Found a snail-covered altar of Cheibriados.
   333 | D        | Found a sacrificial altar of Ru.
   333 | D        | Found a glowing silver altar of Zin.
   333 | D        | Found a shadowy altar of Dithmenos.
   333 | D        | Found a white marble altar of Elyvilon.
   333 | D        | Noticed a yak
   334 | D        | Found an opulent altar of Gozag.
   337 | D        | Killed a yak
   337 | D        | Reached *** piety under Trog
   337 | D        | Reached XP level 7. HP: 74/74 MP: 6/6
   338 | D        | Found a sparkling altar of Nemelex Xobeh.
   343 | D        | Bought a ration for 70 gold pieces
   397 | D        | Noticed a kobold demonologist
   398 | D        | Noticed a kobold demonologist
   401 | D        | Paralysed by a floating eye for 3 turns
   407 | D        | Noticed a rust devil
   413 | D        | Killed a kobold demonologist
   414 | D        | Paralysed by a floating eye for 3 turns
   418 | D        | Noticed a rust devil
   421 | D        | Paralysed by a floating eye for 3 turns
   426 | D        | Paralysed by a floating eye for 2 turns
   431 | D        | Paralysed by a floating eye for 3 turns
   434 | D        | Killed a kobold demonologist
   434 | D        | Reached **** piety under Trog
   434 | D        | Reached XP level 8. HP: 43/86 MP: 7/7
   439 | D        | Noticed a demonic crawler
   439 | D        | Noticed a demonic crawler
   439 | D        | Noticed a demonic crawler
   439 | D        | Noticed a demonic crawler
   445 | D        | Slain by a demonic crawler

Skill      XL: |  1  2  3  4  5  6  7 |
---------------+----------------------+-----
Fighting       | 5 7 9 11 13 | 13.2
Axes           | 5 7 10 12 13 | 13.7
Armour         | 3 4 5 6 7 |  7.4
Dodging        | 4 5 6 7 |  7.5
Stealth        | |  0.5

Action                   |  1- 3 |  4- 6 |  7- 9 || total
-------------------------+-------+-------+-------++-------
Melee: Hand axe          |     5 |    11 |    21 ||    37
       Headbutt          |     3 |     3 |     2 ||     8
Invok: Berserk           |     2 |     4 |     1 ||     7
  Eat: Chunk             |       |     2 |     1 ||     3
Armor: Animal skin       |     1 |       |     5 ||     6
Dodge: Dodged            |     2 |     7 |    31 ||    40
